Map: Abyssal Reef LE

Players

Railgan

  • Race: Zerg Zerg
  • League: Grandmaster
  • Spawn Location: 5:00

Lambo - Winner!

  • Race: Zerg Zerg
  • League: Grandmaster
  • Spawn Location: 11:00

VOD

Have the link to the VOD?

Description

Time

  • Played on: March 11, 2017, 6:08 p.m.
  • Length: 12:00
Show
View Real Time Build Order
Export as new Build Order

Railgan Zerg 

Build Orders: Hatch First, Lurkers 

Get SALT Encoding   

  12  0:01  Drone  
  13  0:13  Overlord  
  13  0:17  Drone  
  14  0:31  Drone x2  
  14  0:35  Drone  
  17  0:55  Hatchery  
  16  0:57  Drone  
  16  0:59  Drone  
  18  1:11  Extractor  
  17  1:15  Spawning Pool  
  16  1:19  Drone  
  16  1:21  Drone  
  18  1:29  Drone  
  19  1:39  Overlord  
  19  2:02  Zergling x4  
  19  2:03  Queen  
  19  2:07  Queen  
  19  2:08  Drone  
  26  2:12  Drone  
  26  2:13  Metabolic Boost  
  27  2:19  Drone  
  28  2:24  Drone  
  28  2:29  Drone  
  30  2:33  Baneling Nest  
  29  2:37  Drone  
  29  2:40  Queen  
  32  2:46  Overlord  
  32  2:49  Drone  
  34  2:51  Zergling x2  
  34  2:59  Drone  
  34  3:04  Drone  
  36  3:09  Drone  
  36  3:12  Zergling x2  
  38  3:13  Drone  
  38  3:17  Drone x3  
  42  3:20  Drone  
  42  3:23  Lair  
  42  3:24  Zergling x2  
  44  3:33  Baneling x2  
  44  3:37  Extractor, Drone  
  44  3:38  Extractor, Overlord  
  44  3:39  Drone  
  44  3:47  Overlord  
  44  3:52  Overlord  
  43  3:57  Drone  
  43  3:58  Drone x6  
  49  4:03  Drone  
  49  4:08  Evolution Chamber  
  49  4:10  Evolution Chamber  
  49  4:12  Baneling  
  49  4:13  Baneling  
  49  4:14  Zergling x4  
  50  4:19  Zergling x2  
  50  4:20  Zergling x2  
  50  4:22  Zergling x4  
  54  4:25  Baneling x2  
  54  4:35  Hydralisk Den, Drone  
  54  4:36  Drone x2  
  56  4:38  Extractor  
  55  4:47  Drone x3  
  55  4:49  Overlord  
  58  4:52  Zerg Melee Weapons Level 1  
  57  5:14  Lurker Den  
  57  5:16  Drone x3  
  57  5:20  Queen x2  
  64  5:21  Zergling x2  
  64  5:22  Zergling x10  
  70  5:33  Zerg Ground Armor Level 1, Hatchery  
  70  5:35  Hydralisk  
  69  5:42  Hydralisk  
  70  5:43  Hydralisk  
  70  5:48  Hydralisk  
  76  5:54  Overlord x2  
  71  6:05  Hydralisk x2  
  75  6:12  Zergling x2  
  75  6:13  Overlord x2, Zergling x2  
  77  6:20  Baneling x3  
  77  6:22  Baneling  
  77  6:25  Zergling x8  
  81  6:27  Hydralisk  
  81  6:31  Hydralisk  
  84  6:50  Muscular Augments  
  84  6:54  Hydralisk  
  84  6:59  Hydralisk x4  
  84  7:00  Hydralisk  
  94  7:06  Zergling x12  
  99  7:11  Lurker  
  99  7:13  Overlord  
  100  7:16  Drone x3  
  100  7:17  Zergling x2  
  104  7:24  Lurker x2  
  104  7:27  Overlord  
  106  7:30  Zergling x12  
  106  7:33  Lurker  
  113  7:50  Zergling x2  
  113  7:51  Overlord, Zergling x4  
  116  7:52  Drone x5  
  120  8:16  Hydralisk x4  
  120  8:19  Zergling x12  
  133  8:22  Lurker x3  
  136  8:29  Zergling x2  
  136  8:30  Zergling x2  
  136  8:31  Overlord  
  138  8:53  Zergling x2  
  138  8:54  Zergling x14  
  145  9:02  Hydralisk  
  144  9:05  Hydralisk  
  126  9:10  Zergling x12  
  126  9:11  Hydralisk  
  126  9:13  Zergling x2  
  126  9:14  Zergling x2  
  126  9:16  Zergling x2  
  119  9:18  Zergling x2  
  119  9:23  Hydralisk  
  101  9:26  Hydralisk  
  100  9:33  Hydralisk x2  
  101  9:39  Drone  
  101  9:40  Extractor, Drone x2  
  101  9:41  Extractor  
  101  9:45  Lurker x3  
  105  9:52  Hydralisk x2  
  105  9:53  Hydralisk  
  105  9:56  Spore Crawler  
  105  9:58  Hatchery, Spore Crawler  
  108  10:00  Spore Crawler  
  108  10:01  Drone x3  
  108  10:02  Drone  
  108  10:03  Hydralisk, Spore Crawler  
  108  10:05  Spore Crawler  
  108  10:06  Spore Crawler  
  108  10:07  Spore Crawler x2  
  108  10:08  Hydralisk  
  108  10:12  Zergling x10  
  110  10:27  Hydralisk  
  106  10:29  Drone  
  106  10:30  Drone x3  
  106  10:31  Drone x3  
  113  10:36  Lurker  
  113  10:37  Lurker x5  
  113  10:39  Zergling x2  
  120  10:52  Hydralisk  
  120  10:56  Unknown x7  
  116  11:07  Zergling x2  
  116  11:08  Zergling x14  
  123  11:12  Hydralisk  
  123  11:17  Hydralisk x4  
  102  11:35  Hydralisk x4  
  102  11:37  Zergling x8  
  89  11:52  Unknown  
Show
View Real Time Build Order
Export as new Build Order

Lambo Zerg - Winner!

Build Orders: Hatch First 

Get SALT Encoding   

  12  0:00  Drone  
  13  0:12  Overlord  
  13  0:17  Drone  
  14  0:30  Drone x2  
  14  0:35  Drone  
  17  0:52  Hatchery  
  17  0:54  Drone  
  17  0:58  Drone  
  18  1:08  Extractor  
  17  1:13  Spawning Pool  
  17  1:16  Drone  
  17  1:19  Drone  
  18  1:28  Drone  
  19  1:39  Overlord  
  19  1:50  Drone  
  20  2:00  Queen  
  20  2:01  Zergling x2  
  23  2:03  Queen  
  23  2:04  Zergling x2  
  23  2:08  Metabolic Boost  
  26  2:11  Drone  
  26  2:15  Drone  
  28  2:22  Drone  
  29  2:26  Drone  
  30  2:33  Zergling x2  
  31  2:39  Hatchery  
  31  2:42  Zergling x2  
  31  2:46  Baneling Nest  
  31  2:49  Drone  
  31  2:57  Overlord  
  31  3:01  Drone  
  31  3:03  Drone  
  33  3:08  Drone  
  33  3:12  Drone, Overlord  
  35  3:17  Drone x2  
  37  3:23  Drone x3  
  40  3:30  Drone  
  40  3:31  Evolution Chamber  
  40  3:38  Drone x2  
  42  3:41  Drone x2  
  42  3:45  Drone  
  42  3:46  Zergling x4  
  46  3:49  Baneling  
  46  3:53  Zergling x2  
  46  3:55  Queen  
  47  3:57  Zerg Ground Armor Level 1  
  47  3:59  Zergling x2  
  51  4:02  Drone  
  51  4:03  Extractor, Drone  
  51  4:06  Drone x2  
  53  4:13  Drone x3  
  56  4:19  Roach Warren  
  56  4:20  Overlord  
  56  4:22  Drone x2  
  57  4:28  Overlord  
  57  4:29  Drone  
  57  4:32  Drone  
  57  4:35  Evolution Chamber, Overlord  
  57  4:40  Overlord  
  57  4:43  Overlord  
  57  4:45  Overlord  
  57  4:47  Drone  
  57  4:48  Drone x2  
  57  4:49  Drone x2  
  57  4:50  Drone  
  63  5:00  Lair  
  63  5:06  Drone x5  
  67  5:07  Queen  
  67  5:11  Zergling x6  
  72  5:19  Queen  
  72  5:20  Overlord  
  74  5:22  Overlord  
  74  5:24  Extractor  
  74  5:25  Drone x3  
  74  5:28  Zergling x6  
  78  5:35  Extractor  
  77  5:38  Overlord  
  75  5:43  Zergling x10  
  75  5:44  Zergling x6  
  75  5:48  Overlord  
  75  5:49  Baneling x3  
  85  5:51  Overlord  
  85  5:54  Spore Crawler  
  85  5:55  Overlord  
  84  6:02  Overlord  
  82  6:08  Zerg Missile Weapons Level 1  
  84  6:11  Roach x4  
  84  6:12  Infestation Pit  
  84  6:13  Drone x6  
  94  6:20  Extractor  
  94  6:23  Extractor  
  94  6:24  Hatchery  
  91  6:26  Drone x3  
  91  6:29  Roach  
  91  6:30  Roach x2  
  99  6:42  Glial Reconstitution  
  99  6:44  Drone  
  99  6:48  Roach x4  
  107  6:54  Hive  
  107  6:57  Roach x7  
  110  7:06  Drone x3  
  110  7:07  Overseer  
  110  7:08  Pneumatized Carapace  
  112  7:11  Roach x3  
  118  7:19  Evolution Chamber  
  118  7:21  Evolution Chamber  
  116  7:23  Roach x5  
  126  7:31  Roach x4  
  126  7:34  Overlord  
  126  7:36  Drone x5  
  139  7:38  Overlord  
  139  7:40  Extractor  
  139  7:41  Roach x2  
  143  7:44  Ravager x3  
  143  7:45  Overlord  
  143  7:46  Roach  
  143  7:49  Zergling x6  
  150  7:54  Zergling x6  
  150  7:55  Ravager  
  150  7:57  Overseer  
  154  8:04  Roach x2, Zergling x8  
  160  8:13  Viper  
  160  8:17  Overlord  
  160  8:18  Overlord  
  163  8:22  Roach x4  
  163  8:24  Baneling x3  
  171  8:29  Overlord  
  171  8:33  Viper, Overseer  
  173  8:35  Roach x3  
  173  8:36  Roach  
  173  8:37  Overlord x2  
  181  8:53  Roach x10  
  191  9:03  Roach x7  
  191  9:08  Roach x4  
  152  9:19  Roach x4  
  141  9:26  Roach x2  
  141  9:27  Roach  
  145  9:34  Roach x2  
  149  9:40  Viper  
  149  9:44  Roach  
  149  9:45  Roach x2  
  158  9:49  Drone x2  
  160  9:53  Drone  
  160  9:55  Ravager  
  162  10:02  Roach x2  
  166  10:08  Roach x2  
  170  10:19  Evolution Chamber  
  170  10:20  Roach x2  
  163  10:22  Drone x2  
  160  10:34  Hydralisk Den  
  159  10:39  Drone  
  160  10:46  Ravager x4  
  160  10:48  Ravager x2  
  155  11:02  Roach  
  155  11:03  Roach  
  151  11:08  Overseer  
  140  11:29  Roach x2  
  121  11:35  Roach  
  121  11:37  Ravager  
Tags
 
Add a new tag
Caveats
  • Supply blocks, unpowered buildings, or Contaminate may cause inaccurate times.
  • Supply counts are checked every 10 seconds.